[Event "Late-Titled-Tuesday-Blitz-April-16-2024"]
[Site "Chess.com"]
[Date "2024.04.16"]
[Round "8"]
[White "Indefatigable11"]
[Black "RuperezA"]
[Result "0-1"]
[WhiteElo "2397"]
[BlackElo "2611"]
[TimeControl "180+1"]
[EndTime "15:26:36 PDT"]
[Termination "RuperezA won by resignation"]

1. d4 e6 2. c4 Nf6 3. Nc3 d5 4.
cxd5 exd5 5. Bg5 c6 6. Qc2 Be7 7. e3 Nbd7 8. Bd3 Nh5 9. Bxe7 Qxe7 10. Nge2 Nb6 11. O-O g6 12. a4 a5 13. Rfb1 O-O 14. Qb3 Qb4 15. Qxb4 axb4 16. Na2 Rxa4 17. Bc2 b3 18. Bxb3 Ra8 19. Nac3 Bf5 20. Rc1 Nf6 21. f3 h5 22. h4 Bd3 23. Nf4 Bc4 24. Bc2 Rfe8 25. Kf2 Kg7 26. b3 Ba6 27. Ra5 Re7 28. Rca1 Rae8 29. Nd1 Nc8 30. R1a3 Nd6 31. Bd3 Bb5 32.
Bxb5 Nxb5 33. Ra2 Nd7 34. Nd3 Nf8 35. Nb4 Rd7 36. Rc2 Ne6 37. Nb2 f6 38. N2d3 g5 39. hxg5 fxg5 40. Ne5 Rd6 41. Nbd3 h4 42. Ra1 Rdd8 43.
Rg1 Ra8 44. g3 h3 45. Rh1 Rh8 46. g4 Ra3 47. Rb2 Rha8 48. Kg3 Ra2 49. Rhh2 Rxb2 50.
Rxb2 Ra1 51. Kxh3 Rd1 52. Rc2 Rb1 53. Rb2 Rd1 54. Kg3 Kf6 55. Kf2 Ke7 56. Ke2 Nc3+ 57. Kf2 Nb5 58. Rc2 Rb1 59. Nc1 Kd6 60. Ned3 Ra1 61.
Ra2 Rb1 62. Ke2 Nc3+ 63. Kd2 Nxa2 64. Nxa2 Rh1 65. Nc3 Rh2+ 66. Ne2 b6 67. f4 gxf4 68. exf4 Nxd4 69. Nc1 Nxe2 70. Nxe2 c5 71. g5 Rh3 72. f5 Rxb3 73. f6 Ke6 74. Kc2 Rf3 75. Kd2 Rf5 76.
Ng3 Rxg5 77. Ne2 Rg2 78. Ke3 Rxe2+ 79. Kxe2 Kxf6 80. Kd3 Ke5 81. Kc3 d4+ 82. Kb3 Ke4 83. Kc4 d3 0-1

[Event "Late-Titled-Tuesday-Blitz-April-16-2024"]
[Site "Chess.com"]
[Date "2024.04.16"]
[Round "8"]
[White "volcanoexplorer"]
[Black "Binary010"]
[Result "1/2-1/2"]
[WhiteElo "2644"]
[BlackElo "2775"]
[TimeControl "180+1"]
[EndTime "15:26:45 PDT"]
[Termination "Game drawn by repetition"]

1. e4 c5 2. Nf3 e6 3. d4 cxd4 4. Nxd4 Nf6 5. Nc3 Nc6 6. Be2 Bb4 7. O-O Bxc3 8. bxc3 Nxe4 9. Bd3 Nxd4 10. Bxe4 Nc6 11. Ba3 d5 12. Qg4 Qf6 13. Bd3 Bd7 14. Rab1 b6 15.
Bb5 Ne5 16. Qa4 Qd8 17. Qd4 f6 18. Be2 Kf7 19. f4 Nc6 20. Qe3 Na5 21. f5 Re8 22. Bh5+ Kg8 23. Bxe8 Qxe8 24. fxe6 Qxe6 25. Qd4 Nc4 26. Rbe1 Qc6 27. Be7 Re8 28. h4 Kf7 29.
Bb4 a5 30. Rxe8 Bxe8 31. h5 axb4 32. h6 Qc5 33. hxg7 Kxg7 34. Qxc5 bxc5 35. cxb4 cxb4 36. Rb1 Na3 37. Rxb4 Nxc2 38. Rb2 Ne3 39. Rd2 f5 40. Kf2 Ng4+ 41. Kf3 Nf6 42. Kf4 Kg6 43. Rd3 Bb5 44.
Rg3+ Kf7 45. Kxf5 Bc4 46. Ra3 Nd7 47. Ra7 Ke7 48. a4 Kd6 49. a5 d4 50. Ke4 Ne5 51.
Ra8 Nc6 52. Rh8 d3 53. Ke3 Nxa5 54. Rxh7 Kc5 55. Rh6 Nb3 56. Rh5+ Kb4 57. g4 d2 58. Rh1 Kc3 59. Rd1 Kc2 60. Rxd2+ Nxd2 61. g5 Kc3 62.
Kf4 Kd4 63. Kf5 Ne4 64. Kg6 Ke5 65. Kh6 Kf5 66. g6 Nf6 67. g7 Ng8+ 68. Kh7 Kf6 69. Kh8 Ne7 70. Kh7 Bd3+ 71. Kh8 Bc4 72. Kh7 Kg5 73.
Kh8 Kf5 74. Kh7 Ke5 75. Kh8 Kf4 76. Kh7 Kg5 77. Kh8 Kh4 78. Kh7 Bg8+ 79. Kh8 Ba2 80.
Kh7 Ng8 81. Kh8 Kg4 82. Kh7 Kg5 83. Kh8 Kf6 84. Kh7 Kf7 85. Kh8 Bb3 86. Kh7 Ne7 87.
Kh8 Ke8 88. Kh7 Bc4 89. Kh8 Bd5 90. Kh7 Kd7 91. Kh8 Kd6 92. Kh7 Ke5 93. Kh8 Kf6 94.
Kh7 Kf7 95. Kh8 Ng8 96. Kh7 Be4+ 97. Kh8 Bc6 98. Kh7 Bd7 99. Kh8 Be6 100. Kh7 Nf6+ 101. Kh8 Ng8 102. Kh7 Nf6+ 103. Kh8 Ng8 1/2-1/2

[Event "Late-Titled-Tuesday-Blitz-April-16-2024"]
[Site "Chess.com"]
[Date "2024.04.16"]
[Round "8"]
[White "MathiasWomacka"]
[Black "Yushko_Olga"]
[Result "0-1"]
[WhiteElo "2497"]
[BlackElo "2323"]
[TimeControl "180+1"]
[EndTime "15:26:47 PDT"]
[Termination "Yushko_Olga won on time"]

1. e4 Nf6 2. e5 Nd5 3. d4 d6 4. Nf3 Bg4 5. Be2 c6 6. c4 Nb6 7.
Nbd2 dxe5 8. Nxe5 Bxe2 9. Qxe2 N8d7 10. Nd3 e6 11. b3 Be7 12. O-O O-O 13. Nf3 Qc7 14. Bf4 Qd8 15. Rfe1 a5 16. a4 Bb4 17. Nxb4 axb4 18. Bd6 Re8 19. Bxb4 Nf6 20. Rad1 Qd7 21.
Ne5 Qc8 22. Qf3 Nbd7 23. Bc3 h6 24. h3 Nf8 25. Re3 Qc7 26. Rde1 Rad8 27. Qg3 c5 28.
dxc5 Qxc5 29. Nd3 Qf5 30. Rf3 Nh5 31. Rxf5 Nxg3 32. Rf3 Nf5 33. Ne5 Nd7 34. Rd3 Nxe5 35. Rxd8 Nf3+ 36. gxf3 Rxd8 37. Be5 Rd3 38. Rb1 Rxf3 39.
a5 Rxh3 40. b4 Rd3 41. b5 Nh4 42. a6 bxa6 43. b6 Nf3+ 44. Kf1 Nxe5 45. b7 Nc6 46. Rb6 Nb8 47. c5 Rc3 48. Rd6 Kh7 49. Rd8 Nc6 50.
Rc8 Rc1+ 51. Kg2 Rxc5 52. Rxc6 Rb5 53. Rc7 a5 54. Rxf7 a4 55. Re7 a3 56. Rxe6 Rxb7 57. Ra6 Rb3 58. f3 h5 59. Kg3 g6 60. Kf4 Kh6 61.
Ra8 h4 62. Kg4 g5 63. Ra6+ Kg7 64. Kxg5 h3 65. Ra7+ Kf8 66. Kf6 Rxf3+ 67. Kg6 h2 68. Ra8+ Ke7 69. Rh8 a2 70. Rxh2 a1=Q 71. Re2+ Kd6 72.
Rd2+ Kc5 73. Kg5 Kc4 74. Kg4 Qf6 75. Re2 Kd3 0-1

[Event "Late-Titled-Tuesday-Blitz-April-16-2024"]
[Site "Chess.com"]
[Date "2024.04.16"]
[Round "8"]
[White "Mackster23"]
[Black "Nimrod_Veinberg"]
[Result "0-1"]
[WhiteElo "2581"]
[BlackElo "2743"]
[TimeControl "180+1"]
[EndTime "15:27:00 PDT"]
[Termination "Nimrod_Veinberg won by checkmate"]

1. e4 c5 2. Nf3 e6 3. d4 cxd4 4. Nxd4 a6 5. Bd3 Bc5 6. Nb3 Ba7 7. Qe2 Ne7 8. Be3 O-O 9. Bxa7 Rxa7 10. Qe3 Nbc6 11. N1d2 d5 12. O-O-O d4 13. Qg3 e5 14. f4 Ng6 15. f5 Nf4 16. Nf3 Nxd3+ 17. Rxd3 f6 18.
c3 b5 19. Kb1 Bb7 20. Nc5 Qe7 21. Ne6 Rc8 22. cxd4 Nxd4 23. Nfxd4 Bxe4 24. Re1 Bxd3+ 25. Qxd3 exd4 26. Qxd4 Kh8 27. Rd1 Raa8 28. g4 Qa7 29.
Qf4 Qb8 30. Qf2 Qe5 31. Re1 Qd5 32. h4 Qd3+ 33. Ka1 Rc2 34. Qg1 Rac8 35. Rb1 Qd2 36.
g5 Rxb2 37. Rxb2 Rc1+ 38. Qxc1 Qxc1+ 39. Rb1 Qc3+ 40. Rb2 a5 41. gxf6 gxf6 42. Kb1 Qe1+ 43. Kc2 Qe4+ 44. Kc1 Qxf5 45. Re2 b4 46. Kd2 Qd5+ 47.
Ke1 a4 48. Nf4 Qh1+ 49. Kd2 b3 50. axb3 axb3 51. Nd3 Qd5 52. Kc3 Qh5 53. Re4 Qf5 54. Rb4 b2 55. Rxb2 Qc8+ 56. Kd2 Qh3 57. Rb4 Qh2+ 58.
Ke3 Kg7 59. Rg4+ Kf7 60. Rf4 Qh3+ 61. Rf3 Qc8 62. Rf4 Qb8 63. Re4 Qa7+ 64. Kf3 h5 65. Re3 Qb7+ 66. Kg3 Qc7+ 67. Nf4 Qd7 68. Nxh5 Qd2 69.
Rf3 Qe1+ 70. Kg2 Qe4 71. Ng3 Qxh4 72. Rf5 Qg4 73. Rf3 Qg5 74. Rf5 Qg4 75. Rf2 Kg6 76.
Rf3 Qd7 77. Rf4 Qd5+ 78. Rf3 Kg5 79. Kf2 Kg4 80. Re3 Qd4 81. Ne2 Qc5 82. Ng1 f5 83.
Nh3 f4 84. Nxf4 Kxf4 85. Kg2 Qxe3 86. Kh2 Qf3 87. Kg1 Qe2 88. Kh1 Kg3 89. Kg1 Qg2# 0-1

[Event "Late-Titled-Tuesday-Blitz-April-16-2024"]
[Site "Chess.com"]
[Date "2024.04.16"]
[Round "8"]
[White "hristos03"]
[Black "Narek_Ghimoyan"]
[Result "1/2-1/2"]
[WhiteElo "2370"]
[BlackElo "2481"]
[TimeControl "180+1"]
[EndTime "15:27:13 PDT"]
[Termination "Game drawn - insufficient material"]

1. e4 e6 2. d4 d5 3. e5 c5 4.
c3 Nc6 5. Nf3 Qb6 6. Be2 Nh6 7.
Bxh6 Qxb2 8. Nbd2 gxh6 9. O-O Qxc3 10. Rc1 Qa3 11. dxc5 Bxc5 12. Nb3 Be7 13. Qd2 h5 14. Nfd4 Nxe5 15. Bb5+ Bd7 16. f4 Nc6 17. Nxc6 bxc6 18. Bxc6 Bxc6 19. Rxc6 O-O 20. f5 Rac8 21. f6 Bxf6 22.
Rxc8 Rxc8 23. Rxf6 Qe7 24. Rf3 a5 25. Qh6 Kh8 26.
h3 a4 27. Nd4 Rg8 28. Qxh5 Rg6 29. Qe5+ Kg8 30. Kh2 a3 31. Nf5 Qf8 32. Nh4 Rg7 33. Rg3 Rxg3 34. Qxg3+ Qg7 35. Qb8+ Qf8 36. Qe5 Qg7 37.
Qd6 Qb2 38. Qg3+ Kf8 39. Qd6+ Ke8 40. Qc6+ Kd8 41. Qd6+ Kc8 42. Qf8+ Kd7 43. Qxf7+ Kd6 44. Qf8+ Ke5 45. Qg7+ Kd6 46. Qf8+ Kc6 47. Qe8+ Kc5 48.
Qc8+ Kd4 49. Nf3+ Kd3 50. Qxe6 Qxa2 51. Qf5+ Kc3 52. Qe5+ Kb4 53. Qb8+ Kc3 54. Qc7+ Qc4 55. Qa5+ Kb2 56. Nd2 Qf4+ 57. Kg1 Qe3+ 58. Kh2 a2 59. Qb4+ Kc2 60. Qa4+ Kxd2 61. Qxa2+ Ke1 62. Qxd5 Qf4+ 63.
Kg1 Qf2+ 64. Kh1 Qf1+ 65. Kh2 Qf4+ 66. g3 Qf2+ 67. Qg2 Qf7 68. g4 h6 69. Kg3 Qc7+ 70.
Kf3 Qb7+ 71. Kg3 Qc7+ 72. Kh4 Qe7+ 73. g5 hxg5+ 74. Qxg5 Qh7+ 75. Qh5 Qe4+ 76. Qg4 Qh7+ 77. Kg5 Qg7+ 78. Kf4 Qd4+ 79. Kf5 Qd7+ 80. Ke5 Qc7+ 81. Ke4 Qc4+ 82. Kf3 Qd3+ 83. Kf4 Qd4+ 84. Kg5 Qg7+ 85.
Kf5 Qd7+ 86. Kf6 Qd8+ 87. Kf7 Qc7+ 88. Ke8 Qb8+ 89. Ke7 Qc7+ 90. Qd7 Qc5+ 91. Qd6 Qg5+ 92. Qf6 Qc5+ 93. Kf7 Qh5+ 94. Qg6 Qxh3 95. Qe6+ Qxe6+ 96. Kxe6 1/2-1/2

[Event "Late-Titled-Tuesday-Blitz-April-16-2024"]
[Site "Chess.com"]
[Date "2024.04.16"]
[Round "9"]
[White "cristiano78"]
[Black "youngdinousaur"]
[Result "1-0"]
[WhiteElo "2277"]
[BlackElo "2225"]
[TimeControl "180+1"]
[EndTime "15:38:18 PDT"]
[Termination "cristiano78 won by resignation"]

1. d4 Nf6 2. c4 e6 3. Nf3 d5 4.
Nc3 Bb4 5. Bg5 Nbd7 6. Rc1 c5 7. dxc5 Qa5 8. a3 Bxc3+ 9. Rxc3 Ne4 10. b4 Nxc3 11. Qa1 Nd1 12. bxa5 1-0

[Event "Late-Titled-Tuesday-Blitz-April-16-2024"]
[Site "Chess.com"]
[Date "2024.04.16"]
[Round "9"]
[White "GiorgianBarbosa"]
[Black "GaiozNigalidze"]
[Result "0-1"]
[WhiteElo "2466"]
[BlackElo "2681"]
[TimeControl "180+1"]
[EndTime "15:38:36 PDT"]
[Termination "GaiozNigalidze won by resignation"]

1. c4 e5 2. g3 c6 3. Bg2 d5 4.
cxd5 cxd5 5. d4 e4 6. Nc3 Nf6 7. Bg5 Nbd7 8. e3 Be7 9. Nge2 O-O 10. O-O b6 11. Nf4 Bb7 12. Qb3 h6 13. Bxf6 Nxf6 14. Rfc1 g5 15. Nfe2 Qd7 16. Rc2 Ba6 17. Bf1 Bc4 18.
Qa3 Bxa3 0-1

[Event "Late-Titled-Tuesday-Blitz-April-16-2024"]
[Site "Chess.com"]
[Date "2024.04.16"]
[Round "9"]
[White "esrosenberg"]
[Black "PawnEatingZombie"]
[Result "1-0"]
[WhiteElo "2336"]
[BlackElo "2248"]
[TimeControl "180+1"]
[EndTime "15:38:41 PDT"]
[Termination "esrosenberg won by resignation"]

1. Nf3 Nf6 2. c4 g6 3. Nc3 Bg7 4. e4 d6 5. d4 O-O 6. h3 e5 7. dxe5 dxe5 8. Qxd8 Rxd8 9. Bg5 Re8 10. Nd5 Nxd5 11. cxd5 c6 12. Bc4 b5 13. Bb3 Bb7 14.
Rc1 cxd5 15. Rc7 dxe4 16. Bxf7+ Kf8 17. Bxe8 exf3 18. Rxb7 fxg2 19. Rg1 Kxe8 20. Rxg7 1-0

[Event "Late-Titled-Tuesday-Blitz-April-16-2024"]
[Site "Chess.com"]
[Date "2024.04.16"]
[Round "9"]
[White "carlsenCamacho"]
[Black "giovannibrandao7"]
[Result "1-0"]
[WhiteElo "2295"]
[BlackElo "2229"]
[TimeControl "180+1"]
[EndTime "15:39:00 PDT"]
[Termination "carlsenCamacho won by resignation"]

1. e4 c5 2. Nf3 d6 3. d4 cxd4 4. Nxd4 Nf6 5. Nc3 a6 6. f3 e6 7. Be3 Be7 8. Qd2 O-O 9. g4 b5 10. O-O-O Bb7 11. h4 Nfd7 12. g5 Ne5 13. Kb1 Nbc6 14.
Nxc6 Bxc6 15. h5 Nxf3 16. Qf2 Nxg5 17. h6 g6 18. e5 Bxh1 19. exd6 Bf6 20. Bb6 Qd7 21.
Qxf6 1-0

[Event "Late-Titled-Tuesday-Blitz-April-16-2024"]
[Site "Chess.com"]
[Date "2024.04.16"]
[Round "9"]
[White "ritanovikova"]
[Black "TheAlienParty"]
[Result "0-1"]
[WhiteElo "2178"]
[BlackElo "2409"]
[TimeControl "180+1"]
[EndTime "15:39:17 PDT"]
[Termination "TheAlienParty won by resignation"]

1. e4 e5 2. Nf3 Nc6 3. Bb5 a6 4. Ba4 d6 5. d4 b5 6. Bb3 exd4 7. Bd5 Nge7 8. Nxd4 Bd7 9. Nxc6 Bxc6 10. O-O Bxd5 11. exd5 Ng6 12. Re1+ Be7 13. b3 O-O 14. c4 Bf6 15. Nd2 Bxa1 16. Ne4 Bf6 0-1

[Event "Late-Titled-Tuesday-Blitz-April-16-2024"]
[Site "Chess.com"]
[Date "2024.04.16"]
[Round "9"]
[White "Bryanl106"]
[Black "Ykow"]
[Result "0-1"]
[WhiteElo "2700"]
[BlackElo "2575"]
[TimeControl "180+1"]
[EndTime "15:40:13 PDT"]
[Termination "Ykow won by resignation"]

1. Nc3 d5 2. e4 d4 3. Nce2 c5 4. Ng3 Nc6 5. Bc4 Nf6 6. a3 h5 7. d3 h4 8. N3e2 h3 9. g3 Ne5 10.
Bb5+ Nfd7 11. f4 Qa5+ 12. b4 Qxb5 13. fxe5 Nxe5 14. Bf4 Ng6 15. Bd2 e5 16. Nf3 Bg4 17.
O-O c4 18. a4 Qc6 19. b5 Qc7 20. Rb1 c3 21. Bc1 Be7 22. Qe1 O-O 23. Kh1 f5 24.
Neg1 f4 25. gxf4 exf4 26. Nxd4 Bh4 27. Rf2 Qc5 28. Be3 fxe3 29. Rxf8+ Rxf8 30. Qxe3 Bf2 0-1

[Event "Late-Titled-Tuesday-Blitz-April-16-2024"]
[Site "Chess.com"]
[Date "2024.04.16"]
[Round "9"]
[White "only_strong_moves"]
[Black "ozates"]
[Result "0-1"]
[WhiteElo "2659"]
[BlackElo "2550"]
[TimeControl "180+1"]
[EndTime "15:40:20 PDT"]
[Termination "ozates won by resignation"]

1. d4 d6 2. Nc3 Nf6 3. e4 e5 4. Nf3 Nbd7 5. Bc4 Be7 6. O-O O-O 7. a4 c6 8. Re1 Qc7 9. Bg5 b6 10. Qd2 a6 11. Nh4 Re8 12. Bb3 exd4 13. Qxd4 Nc5 14. Nf5 Bxf5 15. exf5 Nxb3 16. cxb3 d5 17. Qd3 Ng4 18.
Qh3 Nxf2 19. Qe3 Ng4 20. Qh3 Bc5+ 0-1

[Event "Late-Titled-Tuesday-Blitz-April-16-2024"]
[Site "Chess.com"]
[Date "2024.04.16"]
[Round "9"]
[White "StopLookingAtMyProfile"]
[Black "szachmistrz2500"]
[Result "0-1"]
[WhiteElo "2334"]
[BlackElo "2465"]
[TimeControl "180+1"]
[EndTime "15:40:21 PDT"]
[Termination "szachmistrz2500 won by resignation"]

1. e4 e6 2. d4 d5 3. e5 c5 4. c3 Qb6 5. Nf3 Bd7 6. Bd3 Bb5 7. dxc5 Bxc5 8. b4 Bxf2+ 9. Ke2 Bxd3+ 10. Qxd3 a5 11. bxa5 Rxa5 12. Rf1 Bc5 13. Nbd2 Nc6 14.
Nb3 Ra8 15. Rb1 Rxa2+ 16. Bd2 Nge7 17. Nc1 Rb2 18. Nb3 Qxb3 19. Rxb2 Qxb2 20. Rb1 Qa2 21. Rxb7 O-O 22. Ng5 Ng6 23. Qh3 h6 24. Nxf7 Nf4+ 0-1

[Event "Late-Titled-Tuesday-Blitz-April-16-2024"]
[Site "Chess.com"]
[Date "2024.04.16"]
[Round "9"]
[White "Oleksandr_Bortnyk"]
[Black "TigrVShlyape"]
[Result "1-0"]
[WhiteElo "3062"]
[BlackElo "2936"]
[TimeControl "180+1"]
[EndTime "15:40:29 PDT"]
[Termination "Oleksandr_Bortnyk won by resignation"]

1. e4 c5 2. c3 d5 3. exd5 Qxd5 4.
d4 Nf6 5. Be3 cxd4 6. cxd4 e6 7.
Nc3 Qd6 8. Nf3 Nc6 9. a3 Be7 10. Bd3 O-O 11. O-O Rd8 12. Qe2 Bd7 13. Rad1 Be8 14.
Bb1 a6 15. Rfe1 Qc7 16. Bg5 h6 17. Bh4 Nh5 18. d5 Nf4 19. Qc2 Bxh4 20. Qh7+ Kf8 21. Nxh4 Ne7 22. Qh8+ Ng8 23. Bh7 1-0

[Event "Late-Titled-Tuesday-Blitz-April-16-2024"]
[Site "Chess.com"]
[Date "2024.04.16"]
[Round "9"]
[White "giomar27"]
[Black "zacachess"]
[Result "1-0"]
[WhiteElo "2480"]
[BlackElo "2344"]
[TimeControl "180+1"]
[EndTime "15:41:27 PDT"]
[Termination "giomar27 won by resignation"]

1. d4 Nf6 2. Nc3 d5 3. Bf4 c5 4. e3 cxd4 5. exd4 a6 6. Nf3 Nc6 7. Ne5 Bd7 8. Be2 e6 9. O-O Bb4 10.
Bf3 O-O 11. Ne2 Rc8 12. c3 Be7 13. h4 b5 14. h5 h6 15. Kh1 b4 16. g4 Nh7 17. Qd2 bxc3 18. bxc3 Na5 19. Bg2 Bb5 20. Rg1 Bxe2 21. Qxe2 Rxc3 22. Qxa6 Nc4 23. Nxc4 Rxc4 24. Be3 Qa8 25. Qxc4 dxc4 26. Bxa8 Rxa8 27. a4 Nf6 28. a5 Ra6 29. Rgc1 Nxg4 30. Rxc4 Nf6 31. Rc8+ Kh7 32. Bd2 Nd5 33. Rb1 Bd6 34. Rb7 f5 35. Rd8 Nf6 36. Rb6 1-0

[Event "Late-Titled-Tuesday-Blitz-April-16-2024"]
[Site "Chess.com"]
[Date "2024.04.16"]
[Round "9"]
[White "Savagelittlemole"]
[Black "egnfanclub"]
[Result "1-0"]
[WhiteElo "2498"]
[BlackElo "2373"]
[TimeControl "180+1"]
[EndTime "15:41:33 PDT"]
[Termination "Savagelittlemole won by resignation"]

1. d4 d5 2. Nf3 Nf6 3. g3 e6 4.
Bg2 Nc6 5. O-O Be7 6. Bg5 O-O 7. Nbd2 h6 8. Bxf6 Bxf6 9. c3 Re8 10. e4 dxe4 11. Nxe4 Be7 12. Re1 Bf8 13. Qe2 Ne7 14.
Ne5 Nf5 15. Bh3 c6 16. Qh5 g6 17. Nxg6 fxg6 18. Qxg6+ Bg7 19. Nc5 Bd7 20. Nxe6 Bxe6 21.
Rxe6 Ne7 22. Qg4 Qd7 23. Rae1 Kf8 24. Qf3+ Kg8 25. Rxe7 1-0

[Event "Late-Titled-Tuesday-Blitz-April-16-2024"]
[Site "Chess.com"]
[Date "2024.04.16"]
[Round "9"]
[White "ChadBiryani"]
[Black "Romkachess"]
[Result "0-1"]
[WhiteElo "2462"]
[BlackElo "2676"]
[TimeControl "180+1"]
[EndTime "15:41:35 PDT"]
[Termination "Romkachess won by resignation"]

1. d4 Nf6 2. Nc3 d5 3. Bf4 a6 4. Qd3 c5 5. dxc5 Nc6 6. Nf3 g6 7. O-O-O Bf5 8. Qd2 Bg7 9. Nxd5 Nxd5 10. Qxd5 Qa5 11.
Ne5 O-O 12. Nxc6 bxc6 13. Qc4 Be6 14. Qe4 Qxa2 15. c3 Bb3 16. Rd7 Rad8 17. Rd2 Bxc3 18. bxc3 Qa3+ 19. Kb1 Rxd2 20. Bxd2 Rd8 0-1

[Event "Late-Titled-Tuesday-Blitz-April-16-2024"]
[Site "Chess.com"]
[Date "2024.04.16"]
[Round "9"]
[White "Orest_Vovk"]
[Black "balachess2006"]
[Result "0-1"]
[WhiteElo "2555"]
[BlackElo "2694"]
[TimeControl "180+1"]
[EndTime "15:41:36 PDT"]
[Termination "balachess2006 won on time"]

1. g4 d5 2. h3 e5 3. Bg2 c6 4. d4 Nd7 5. c4 dxc4 6. dxe5 Nxe5 7. Qxd8+ Kxd8 8. Nf3 Nxf3+ 9. Bxf3 Nf6 10. O-O Be6 11. Rd1+ Ke8 12. Nc3 Be7 13. e4 Nd7 14. Bg2 g5 15.
Ne2 Ne5 16. Nd4 Rd8 17. Be3 a6 18. Nxe6 fxe6 19. Rxd8+ Kxd8 20. Rd1+ Kc7 21. f4 gxf4 22. Bxf4 Bd6 23. Kh1 Rf8 24. Bg3 Nd3 25. e5 Nxe5 26. Be4 h6 27. h4 Rg8 28. Rf1 Rxg4 0-1

[Event "Late-Titled-Tuesday-Blitz-April-16-2024"]
[Site "Chess.com"]
[Date "2024.04.16"]
[Round "9"]
[White "rionelG"]
[Black "schachsensei_YT"]
[Result "1-0"]
[WhiteElo "2202"]
[BlackElo "2266"]
[TimeControl "180+1"]
[EndTime "15:41:49 PDT"]
[Termination "rionelG won by resignation"]

1. e4 c5 2. Nf3 d6 3. d4 cxd4 4. Nxd4 Nf6 5. Nc3 a6 6. Bg5 e6 7.
f4 Nbd7 8. Qe2 Qc7 9. O-O-O b5 10. Nd5 Qc5 11. Nb3 Qc4 12. Qe3 Qc6 13. Na5 Qc5 14. Qxc5 Nxc5 15. Nc7+ Kd8 16. Nxa8 h6 17. Bxf6+ gxf6 18. Nb6 Kc7 19. Nxc8 Kxc8 1-0

[Event "Late-Titled-Tuesday-Blitz-April-16-2024"]
[Site "Chess.com"]
[Date "2024.04.16"]
[Round "9"]
[White "Revan_2002"]
[Black "BardArtem"]
[Result "1-0"]
[WhiteElo "2752"]
[BlackElo "2820"]
[TimeControl "180+1"]
[EndTime "15:42:15 PDT"]
[Termination "Revan_2002 won by resignation"]

1. d4 d5 2. c4 e6 3. Nc3 h6 4. cxd5 exd5 5. Nf3 Nf6 6. Bf4 Bd6 7. Bg3 O-O 8. e3 Re8 9. Be2 c6 10. O-O Bxg3 11. hxg3 Bf5 12. Rc1 a5 13. a3 Nbd7 14. Bd3 Bxd3 15. Qxd3 Ne4 16. Qc2 Nxc3 17. Qxc3 Qb6 18. Nd2 a4 19. Rb1 Qa5 20. Qd3 b5 21. Rfc1 Rec8 22. Nf3 Nb6 23. e4 dxe4 24. Qxe4 Nc4 25.
g4 Qb6 26. g5 Re8 27. Qh4 Re6 28. Re1 Rae8 29. gxh6 Rxe1+ 30. Rxe1 Rxe1+ 31. Nxe1 gxh6 32. Nf3 Qd8 33. Qxd8+ 1-0

[Event "Late-Titled-Tuesday-Blitz-April-16-2024"]
[Site "Chess.com"]
[Date "2024.04.16"]
[Round "9"]
[White "NMJeevanK"]
[Black "ellatambien"]
[Result "0-1"]
[WhiteElo "2567"]
[BlackElo "2715"]
[TimeControl "180+1"]
[EndTime "15:42:24 PDT"]
[Termination "ellatambien won by resignation"]

1. e4 e5 2. Nf3 Nc6 3. Nc3 Nf6 4. a4 d5 5. exd5 Nxd5 6. Bb5 Nxc3 7. bxc3 Bd6 8. O-O O-O 9. d4 exd4 10. cxd4 Bg4 11.
c3 Na5 12. h3 Bh5 13. Be2 Re8 14. Be3 c6 15. Qc2 Bc7 16. Rfe1 a6 17. Rab1 b5 18.
axb5 axb5 19. Ra1 Qd5 20. Ng5 Bg6 21. Bd3 Rxe3 22. Rxe3 Qxg5 23. Rae1 Qd8 24. Bxg6 hxg6 25. Re7 Bd6 26. R7e4 Nc4 27. Qd1 Qf6 28. Qg4 Bf8 29.
Qd7 Rd8 30. Qa7 Nd6 31. R4e2 g5 32. Re5 Kh7 33. Qc7 Nc4 34. Re8 Rxe8 35. Rxe8 Bd6 36.
Qxc6 Bh2+ 0-1

[Event "Late-Titled-Tuesday-Blitz-April-16-2024"]
[Site "Chess.com"]
[Date "2024.04.16"]
[Round "9"]
[White "Narek_Ghimoyan"]
[Black "Andrii_Prydun"]
[Result "1-0"]
[WhiteElo "2487"]
[BlackElo "2366"]
[TimeControl "180+1"]
[EndTime "15:42:26 PDT"]
[Termination "Narek_Ghimoyan won on time"]

1. d4 Nf6 2. c4 e6 3. Nf3 d5 4. Nc3 Be7 5. Bf4 O-O 6. e3 b6 7. Bd3 dxc4 8. Bxc4 Bb7 9. O-O Nbd7 10. Qe2 c5 11.
dxc5 Bxc5 12. Rfd1 Qe7 13. Ba6 Bxa6 14. Qxa6 Rfc8 15.
Rd2 h6 16. Rad1 Nf8 17. h3 Ng6 18. Bd6 Bxd6 19. Rxd6 Rab8 20. Nb5 Qb7 21. Qxa7 Nd5 22. Qxb7 Rxb7 23. R6xd5 exd5 24. Nd6 Rbc7 25. Nxc8 Rxc8 26.
Rxd5 Ra8 27. a3 Ne7 28. Rb5 Nc8 29. Nd4 Ra5 30. Rxa5 bxa5 31. b4 axb4 32. axb4 Kf8 33. Kf1 Ke8 34. Ke2 Kd7 35. Kd3 Nb6 36. e4 Kd6 37. f4 g5 38. g3 gxf4 39. gxf4 Ke7 40.
Nf5+ 1-0

[Event "Late-Titled-Tuesday-Blitz-April-16-2024"]
[Site "Chess.com"]
[Date "2024.04.16"]
[Round "9"]
[White "Firouzja2003"]
[Black "Szparu"]
[Result "1-0"]
[WhiteElo "3047"]
[BlackElo "2900"]
[TimeControl "180+1"]
[EndTime "15:42:35 PDT"]
[Termination "Firouzja2003 won on time"]

1. e4 e6 2. d4 d5 3. e5 c5 4. c3 Nc6 5. Nf3 Bd7 6. Be2 Nge7 7.
O-O Ng6 8. Be3 Be7 9. Nbd2 O-O 10. Re1 Qb6 11. Rb1 cxd4 12. cxd4 a5 13. a3 a4 14. Bd3 Na5 15. h4 Bb5 16. Bxb5 Qxb5 17. h5 Nh8 18. h6 Ng6 19. hxg7 Kxg7 20. Nf1 Qb3 21. Qd2 Nc4 22. Bh6+ Kh8 23. Qe2 Rg8 24. Ng5 Bxg5 25. Bxg5 Kg7 26. Qh5 Kf8 27. Qh6+ Ke8 28.
Qxh7 Rh8 29. Qg7 Qd3 30. Rbd1 Qf5 31. Qf6 Qxf6 32. Bxf6 Rg8 33. g3 Nxb2 34. Rb1 Nc4 35. Rxb7 Nxa3 36. Ne3 Nc4 37. Nxc4 dxc4 38. d5 Nf4 39. d6 Nd3 40. d7+ Kf8 41. Reb1 1-0

[Event "Late-Titled-Tuesday-Blitz-April-16-2024"]
[Site "Chess.com"]
[Date "2024.04.16"]
[Round "9"]
[White "Bala-Afiada"]
[Black "shirovin"]
[Result "1-0"]
[WhiteElo "2027"]
[BlackElo "2034"]
[TimeControl "180+1"]
[EndTime "15:42:37 PDT"]
[Termination "Bala-Afiada won on time"]

1. d4 f5 2. c4 Nf6 3. Nf3 g6 4. g3 Bg7 5. Bg2 O-O 6. b3 d6 7.
Bb2 Qe8 8. d5 c6 9. Nc3 Bd7 10.
O-O Na6 11. Nd4 Nc7 12. dxc6 bxc6 13. e4 c5 14. Ndb5 Nxb5 15. Nxb5 Bxb5 16. cxb5 fxe4 17. Bxf6 Bxf6 18. Bxe4 Bxa1 19. Bxa8 Qxa8 20. Qxa1 Qf3 21. Qd1 d5 22. Qxf3 Rxf3 23. Kg2 d4 24. Kxf3 Kf7 25. Ke4 Ke6 26. Rc1 Kd6 27. f4 e6 28. a4 1-0

[Event "Late-Titled-Tuesday-Blitz-April-16-2024"]
[Site "Chess.com"]
[Date "2024.04.16"]
[Round "9"]
[White "2Coaches1Profile"]
[Black "Akhayan"]
[Result "0-1"]
[WhiteElo "2538"]
[BlackElo "2404"]
[TimeControl "180+1"]
[EndTime "15:42:41 PDT"]
[Termination "Akhayan won by checkmate"]

1. e4 e5 2. d4 exd4 3. Qxd4 Nc6 4. Qe3 Nf6 5. Nc3 Bb4 6. Bd2 O-O 7. O-O-O Re8 8. Qg3 d6 9. f3 Be6 10. h4 Nd7 11. h5 a5 12. h6 g6 13. Nge2 a4 14.
a3 Bc5 15. Nf4 b5 16. Bxb5 Nd4 17. Nxa4 Nxb5 18. Nxc5 Nxc5 19. Bb4 Na6 20. Ba5 Qd7 21. e5 Nxa3 22. bxa3 Qa4 23. Bc3 Rab8 24. exd6 Qxa3+ 25. Kd2 Qxd6+ 26. Ke3 Qc5+ 27. Bd4 Qxc2 28. Nd3 Bf5+ 29.
Ne5 Rb3+ 30. Kf4 Nc5 31. Rc1 Ne6# 0-1

[Event "Late-Titled-Tuesday-Blitz-April-16-2024"]
[Site "Chess.com"]
[Date "2024.04.16"]
[Round "9"]
[White "laskakid"]
[Black "Chess_Star1234"]
[Result "1-0"]
[WhiteElo "2391"]
[BlackElo "2510"]
[TimeControl "180+1"]
[EndTime "15:42:42 PDT"]
[Termination "laskakid won on time"]

1. e4 e5 2. Nf3 Nc6 3. d3 Nf6 4. g3 Bc5 5. Bg2 d6 6. O-O O-O 7. Nc3 a6 8. h3 Be6 9. Kh2 d5 10. Ng5 dxe4 11. Nxe6 fxe6 12. Nxe4 Nxe4 13. Bxe4 Rxf2+ 14. Rxf2 Bxf2 15. Qh5 h6 16. Bxh6 gxh6 17. Qg6+ Kf8 18. Rf1 Ke7 19. Rxf2 Qg8 20. Qxh6 Kd6 21. Rf6 Re8 22. Bf5 Nd4 23. Bg4 1-0